 Dungeon Crawl Stone Soup version 0.27.1-33-g824d729ab1 (webtiles) character file.

Game seed: 11309407770014978996

53 bellerephron the Skirmisher (level 3, 0/29 HPs)
             Began as a Demonspawn Fighter on Nov 26, 2021.
             Killed by nerve-wracking pain
             ... invoked by Jessica
              (9 damage)
             ... on level 2 of the Dungeon.
             The game lasted 00:02:45 (1345 turns).

bellerephron the Skirmisher (Demonspawn Fighter)    Turns: 1345, Time: 00:02:46

Health: 0/29       AC:  9    Str: 23    XL:     3   Next: 64%
Magic:  3/3        EV:  5    Int:  9    God:
Gold:   37         SH:  9    Dex: 12    Spells: 2/2 levels left

rFire    . . .     SeeInvis .   a - +0 war axe
rCold    . . .     Faith    .   c - +0 kite shield
rNeg     . . .     Spirit   .   n - +0 chain mail
rPois    .         Reflect  .   (no helmet)
rElec    .         Harm     .   (no cloak)
rCorr    .         Rampage  .   (no gloves)
Will     .....                  (no boots)
Stlth    ..........             (no amulet)
HPRegen  0.09/turn              i - +6 ring of strength
MPRegen  0.08/turn              (no ring)

@: no status effects
A: foul stench 1, powered by pain 1
a: no special abilities


You were on level 2 of the Dungeon.
You visited 1 branch of the dungeon, and saw 2 of its levels.

You collected 37 gold pieces.

Inventory:

Hand Weapons
 a - a +0 war axe (weapon)
Missiles
 f - 77 stones (quivered)
Armour
 c - a +0 kite shield (worn)
 n - a +0 chain mail (worn)
Jewellery
 i - a +6 ring of strength (left hand)
Scrolls
 e - a scroll of magic mapping {unknown}
 m - 2 scrolls of teleportation {unknown}
Potions
 d - a potion of might
 g - 2 potions of lignification {unknown}
 h - a potion of mutation {unknown}
 j - a potion of curing {unknown}
 k - a potion of invisibility {unknown}
 l - 2 potions of attraction {unknown}


   Skills:
 + Level 3.2 Fighting
 * Level 2.8 Axes
 + Level 2.8 Armour
 + Level 0.1 Dodging
 * Level 3.2 Shields


You had 2 spell levels left.
You didn't know any spells.
Your spell library was empty.

Dungeon Overview and Level Annotations

Branches:
Dungeon (2/15)

Altars:

Annotations:
D:2 Jessica


Innate Abilities, Weirdness & Mutations

You may rarely emit foul miasma when damaged in melee.
You sometimes gain a little power by taking damage.


Message History

A goblin and Jessica come into view.
Jessica shouts!
The goblin shouts!
You hear a shout!
A worm comes into view.
Jessica moves out of view.
You hear an angry hiss.
A goblin and a kobold come into view.
The kobold shouts!
The goblin shouts!
The goblin completely misses you.
The goblin unwields a +0 dagger.
The goblin wields a +0 hunting sling.
The goblin shoots a stone.
The stone hits you.
There is an open door, spattered with blood here.
You closely miss the goblin.
An adder comes into view.
The goblin hits you but does no damage.
You hit the goblin.
The goblin is moderately wounded.
You block the goblin's attack.
Jessica gestures wildly.
The goblin hits you but does no damage.
Unknown command.
Jessica grins evilly.
Jessica casts a spell.
Jessica seems to speed up.
Throw: 78 stones
Press: ? - help, Q - select action Shift-Dir - straight line, f - Jessica
Aim: Jessica, wielding a +0 dagger and wearing a +0 robe (fast, 57% to hit)
You throw a stone. The stone hits Jessica.
Jessica is lightly wounded.
Jessica gestures at you while chanting. Pain shoots through your body!
Unknown command.
Unknown command.
You hit Jessica.
Jessica is moderately wounded.
You block Jessica's attack. Jessica hits you with a +0 dagger. x2
You closely miss Jessica.
Jessica is moderately wounded.
Jessica casts a spell at you. Pain shoots through your body!
You die...

..#.......# #.###.### ###.#.#...
#.#######.####.###..<###...#.#.#.
#.>............................).
#............[..........(........
#.......#.####.#######.###.....#.
##.####.#.## #.).# #.#######.##
#.........# ###.# #.......#...
######.#### #.# #######.###. #.#
#@######## #. #####.# #@#.......
#. #.....# #KS....... #. #.#####
###g...... ##
#รท##############.......
###....#.........#.......
.........#######.#.......
.........# #.#....... .........#
#.#.......


You could see an adder, Jessica (fast), a goblin and a kobold.

Vanquished Creatures
  An adder (D:2)
  A worm (D:2)
  A dart slug (D:1)
  2 ball pythons
  3 endoplasms (D:2)
  5 hobgoblins
  2 jackals (D:1)
  A quokka (D:1)
  9 bats
  5 frilled lizards
  4 goblins
  A kobold (D:2)
  4 rats
39 creatures vanquished.

Notes
Turn   | Place    | Note
-------+----------+-------------------------------------------
     0 | D:1      | bellerephron the Demonspawn Fighter began the quest for the
                  | Orb.
     0 | D:1      | Reached XP level 1. HP: 18/18 MP: 1/1
    72 | D:1      | Found a faded altar of an unknown god.
   100 | D:1      | Gained mutation: You sometimes gain a little power by
                  | taking damage. [demonic ancestry]
   100 | D:1      | Reached XP level 2. HP: 24/24 MP: 2/2
   505 | D:2      | Gained mutation: You may rarely emit foul miasma when
                  | damaged in melee. [demonic ancestry]
   505 | D:2      | Reached XP level 3. HP: 27/29 MP: 3/3
  1337 | D:2      | Noticed Jessica
  1345 | D:2      | Killed from afar by Jessica

Illustrated notes

Levels and vault maps discovered:
D:1:      grunt_arrival_crossed_arrows, layout_rooms,
          hellmonk_ecumenical_altar_zigzags
D:2:      layout_basic, uniq_jessica

Skill      XL: |  1  2 |
---------------+-------+-----
Axes           | 2 |  2.8
Shields        | 3 |  3.2
Fighting       | |  3.2
Armour         | |  2.8
Dodging        | |  0.1

Action                   || total
-------------------------++-------
Melee: War axe           ||    92
Throw: Stone             ||     3
Armor: Scale mail        ||    32
       Chain mail        ||    32
Dodge: Dodged            ||    21
Block: Kite shield       ||    66
